 Dungeon Crawl Stone Soup version 0.31-a0-595-g4209ae197b (webtiles) character file.

Game seed: 1910884900164563575

16681 AllesDogma the Severer (level 12, -7/110 HPs)
             Began as a Minotaur Berserker on Aug 20, 2023.
             Was a Priest of Trog.
             Mangled by a fire crab (shapeshifter) (11 damage)
             ... on level 13 of the Dungeon.
             The game lasted 00:25:10 (11978 turns).

AllesDogma the Severer (Minotaur Berserker)        Turns: 11978, Time: 00:25:11

Health: -7/110     AC: 16    Str: 26    XL:     12   Next: 12%
Magic:  0/11       EV: 12    Int:  4    God:    Trog [***...]
Gold:   770        SH:  0    Dex: 17    Spells: 11/11 levels left

rFire   . . .        n - +4 war axe
rCold   . . .        (no shield)
rNeg    + . .        J - +0 plate armour
rPois   .            (helmet restricted)
rElec   .            m - +0 cloak
rCorr   .            (no gloves)
SInv    .            (no boots)
Will    ++...        b - amulet of guardian spirit Stlth
                     z - +6 ring of dexterity
HPRegen 1.38/turn    k - ring of positive energy
MPRegen 0.12/turn

%: guardian spirit
@: strong-willed, on berserk cooldown, regenerating, slowed, very slow
A: horns 2, retaliatory headbutt
a: Renounce Religion, Berserk, Trog's Hand


You were on level 13 of the Dungeon.
You worshipped Trog.
Trog was most pleased with you.
You visited 1 branch of the dungeon, and saw 14 of its levels.

You collected 828 gold pieces.
You spent 58 gold pieces at shops.

Inventory:

Hand Weapons
 n - a +4 war axe (weapon)
 w - a -2 demon whip of venom
 F - a +0 battleaxe
Missiles
 H - a throwing net
Armour
 m - a +0 cloak (worn)
 r - +0 acid dragon scales
 A - +0 steam dragon scales
 J - a +0 plate armour (worn)
Jewellery
 b - an amulet of guardian spirit (around neck)
 k - a ring of positive energy (right hand)
 z - a +6 ring of dexterity (left hand)
 E - a ring of protection from fire
Wands
 c - a wand of flame (61)
 v - a wand of roots (11)
 B - a wand of charming (6)
 I - a wand of digging (5)
Scrolls
 d - 6 scrolls of teleportation {unknown}
 e - a scroll of vulnerability {unknown}
 f - 2 scrolls of fear {unknown}
 g - 12 scrolls of identify {unknown}
 i - 3 scrolls of summoning {unknown}
 l - 2 scrolls of poison {unknown}
 p - 3 scrolls of brand weapon {unknown}
 q - a scroll of enchant weapon
 t - 2 scrolls of immolation {unknown}
 u - 2 scrolls of enchant armour {unknown}
 x - a scroll of acquirement {unknown}
 y - 2 scrolls of noise {unknown}
 L - a scroll of blinking {unknown}
Potions
 a - 3 potions of might {unknown}
 h - 6 potions of heal wounds
 j - 4 potions of mutation {unknown}
 o - a potion of brilliance {unknown}
 s - a potion of berserk rage {unknown}
 C - 4 potions of curing
 D - a potion of degeneration {unknown}
 G - a potion of magic
 K - a potion of cancellation {unknown}


   Skills:
 + Level 11.3 Fighting
 * Level 15.3 Axes
 + Level 11.1 Armour
 + Level 10.1 Dodging


You had 11 spell levels left.
You didn't know any spells.
Your spell library was empty.

Dungeon Overview and Level Annotations

Branches:
Dungeon (14/15)            Temple (0/1) D:4            Lair (0/5) D:10
    Orc (0/2) D:9
 Vaults: D:13-14

Altars:
Ashenzari
Dithmenos
Elyvilon
Nemelex Xobeh
Okawaru
Ru
Yredelemnul
Zin

Shops:
D:4 *   D:11 (

Annotations:
D:14 2 runed translucent doors


Innate Abilities, Weirdness & Mutations

You have a pair of horns on your head.
You reflexively headbutt those who attack you in melee.


Message History

The harpy claws you but does no damage. The harpy closely misses you.
You hit the harpy. You headbutt the harpy. Your punch misses the harpy.
The harpy is severely wounded.
The harpy changes into a fire crab!
The fire crab breathes flames at you. The blast of flame engulfs you!
You are engulfed in blazing flames.
* * * LOW HITPOINT WARNING * * *
The fire crab bites you.
* * * LOW HITPOINT WARNING * * *
You are engulfed in flames!
* * * LOW HITPOINT WARNING * * *
The fire crab claws you.
* * * LOW HITPOINT WARNING * * *
You are engulfed in flames!
* * * LOW HITPOINT WARNING * * *
The fire crab breathes flames at you. The blast of flame misses you.
You're still recovering from your berserk rage.
Your skin crawls.
You feel strong-willed. The fire crab bites you.
* * * LOW HITPOINT WARNING * * *
You are engulfed in flames!
* * * LOW HITPOINT WARNING * * *
The fire crab claws you but does no damage.
It was a potion of heal wounds.
You feel much better. The fire crab breathes flames at you.
The blast of flame engulfs you.
* * * LOW HITPOINT WARNING * * *
The fire crab bites you but does no damage.
The fire crab barely misses you.
You completely miss the fire crab.
The fire crab is severely wounded.
You are engulfed in blazing flames.
* * * LOW HITPOINT WARNING * * *
The fire crab bites you.
* * * LOW HITPOINT WARNING * * *
You are engulfed in flames!
You die...

##>.###.)....
...###............
...#..†...##......
<..................
......#.().......#
#.....#..........##
#......#..°.......#
#......°°°.........
#......°@°.........
#....##°t°.........
.... #............
. ..............
..#.............
... #.#...........
.. ...##......#. .
.... #...>.# ###..
..##.


You could see a fire crab shaped shifter.

Vanquished Creatures
  A boulder beetle (D:11)
  5 two-headed ogres
  Amaemon (D:11)
  An ugly thing (D:12)
  3 cyclopes
  A manticore (D:13)
  2 gargoyles
  An orange demon (D:11)
  Psyche (D:8)
  A komodo dragon (D:9)
  A kobold demonologist (D:12)
  3 trolls
  3 meliai (D:13)
  Prince Ribbit (D:5)
  Sigmund (D:2)
  4 shadows
  2 wraiths
  2 wyverns
  5 yaks
  A vampire (D:11)
  A basilisk (D:11)
  2 steam dragons
  6 vampire mosquitoes
  An acid dragon (D:10)
  A water moccasin (D:8)
  A black bear (D:5)
  2 ice beasts
  An orc warrior (D:7)
  A black bear (shapeshifter) (D:13)
  A sky beast (D:7)
  4 boggarts (D:14)
  An ogre (D:7)
  A phantom (D:9)
  3 centaurs
  A kobold brigand (D:10)
  3 bullfrogs
  3 scorpions (D:5)
  2 gnoll sergeants
  3 wights (D:8)
  2 troll zombies (D:9)
  16 killer bees
  A howler monkey (D:4)
  3 jellies
  4 orc priests
  A hound (D:4)
  2 sleepcaps
  Crazy Yiuf (D:2)
  3 iguanas
  Natasha (thrice) (D:2)
  11 orc wizards
  6 ogre zombies (D:9)
  Robin (D:4)
  8 gnolls
  6 adders
  A shadow imp (D:7)
  A worm (D:3)
  29 orcs
  8 bats
  7 endoplasms
  3 giant cockroaches
  10 goblins
  13 hobgoblins
  4 jackals (D:1)
  12 kobolds
  3 quokkas
  6 ball pythons
  5 frilled lizards
  2 goblin skeletons (D:9)
  2 goblin zombies (D:9)
  4 hobgoblin skeletons (D:9)
  3 orc skeletons (D:9)
  14 orc zombies (D:9)
  9 rats
282 creatures vanquished.

Vanquished Creatures (others)
  A butterfly (D:10)
1 creature vanquished.

Grand Total: 283 creatures vanquished

Notes
Turn   | Place    | Note
-------+----------+-------------------------------------------
     0 | D:1      | AllesDogma the Minotaur Berserker began the quest for the
                  | Orb.
     0 | D:1      | Reached XP level 1. HP: 19/19 MP: 0/0
   154 | D:1      | Reached XP level 2. HP: 27/27 MP: 1/1
   157 | D:1      | Reached skill level 4 in Axes
   261 | D:1      | Reached ** piety under Trog
   358 | D:1      | Reached XP level 3. HP: 29/33 MP: 2/2
  1080 | D:2      | Reached XP level 4. HP: 21/40 MP: 3/3
  1297 | D:2      | Noticed Sigmund
  1303 | D:2      | Killed Sigmund
  1304 | D:2      | Reached skill level 5 in Axes
  1304 | D:2      | Reached XP level 5. HP: 47/47 MP: 4/4
  1367 | D:2      | Found a runed translucent door.
  1368 | D:2      | Noticed Crazy Yiuf
  1408 | D:2      | Noticed Natasha
  1429 | D:2      | Killed Natasha
  1602 | D:2      | Noticed Natasha
  1612 | D:2      | Killed Natasha
  1613 | D:2      | Reached XP level 6. HP: 55/55 MP: 5/5
  1669 | D:2      | Noticed Natasha
  1682 | D:2      | Killed Natasha
  1683 | D:2      | Reached skill level 6 in Axes
  1805 | D:2      | Killed Crazy Yiuf
  1806 | D:2      | Reached skill level 5 in Fighting
  2588 | D:3      | Reached XP level 7. HP: 61/61 MP: 3/6
  2631 | D:3      | Identified the +0 robe of Purpose {Rampage Int+3}
  2913 | D:4      | Noticed a wyvern
  2922 | D:4      | Reached skill level 7 in Axes
  2924 | D:4      | Killed a wyvern
  2925 | D:4      | Reached skill level 5 in Armour
  3409 | D:4      | Noticed Robin
  3422 | D:4      | Killed Robin
  3432 | D:4      | Found Tenik's CLEARANCE SALE!.
  3474 | D:4      | Bought a wand of flame (10) for 28 gold pieces
  3474 | D:4      | Bought a scroll of enchant weapon for 30 gold pieces
  3529 | D:4      | Found a staircase to the Ecumenical Temple.
  3641 | D:5      | Entered Level 5 of the Dungeon
  3653 | D:5      | Reached *** piety under Trog
  3696 | D:5      | Reached skill level 8 in Axes
  3696 | D:5      | Reached skill level 5 in Dodging
  3696 | D:5      | Reached XP level 8. HP: 57/70 MP: 7/7
  3761 | D:5      | Found a shadowy altar of Dithmenos.
  4201 | D:5      | Noticed Prince Ribbit
  4239 | D:5      | Killed Prince Ribbit
  4240 | D:5      | Reached skill level 9 in Axes
  5420 | D:7      | Reached XP level 9. HP: 79/79 MP: 5/8
  5505 | D:7      | Found a broken altar of Ashenzari.
  5758 | D:7      | Reached skill level 10 in Axes
  5879 | D:8      | Noticed a cyclops
  6346 | D:7      | Found an iron altar of Okawaru.
  6556 | D:8      | Killed a cyclops
  6557 | D:8      | Reached skill level 11 in Axes
  6864 | D:8      | Noticed Psyche
  6889 | D:8      | Killed Psyche
  6890 | D:8      | Reached XP level 10. HP: 90/90 MP: 6/9
  7388 | D:9      | Found a basalt altar of Yredelemnul.
  7435 | D:9      | Found a staircase to the Orcish Mines.
  7484 | D:9      | Reached skill level 12 in Axes
  7527 | D:9      | Reached **** piety under Trog
  7796 | D:9      | Found a sacrificial altar of Ru.
  7990 | D:9      | Found a glowing silver altar of Zin.
  8278 | D:10     | Entered Level 10 of the Dungeon
  8379 | D:10     | Found a sparkling altar of Nemelex Xobeh.
  8673 | D:10     | Found a white marble altar of Elyvilon.
  8934 | D:10     | Noticed a two-headed ogre
  9230 | D:11     | Reached skill level 13 in Axes
  9413 | D:10     | Found a staircase to the Lair.
  9421 | D:10     | Killed a two-headed ogre
  9422 | D:10     | Reached XP level 11. HP: 99/99 MP: 10/10
  9748 | D:11     | Reached skill level 10 in Fighting
  9808 | D:11     | Noticed a boulder beetle
  9853 | D:11     | Killed a boulder beetle
 10301 | D:11     | Noticed Amaemon
 10311 | D:11     | Killed Amaemon
 10312 | D:11     | Reached skill level 10 in Armour
 10386 | D:11     | Noticed a two-headed ogre
 10394 | D:11     | Killed a two-headed ogre
 10395 | D:11     | Reached skill level 14 in Axes
 10515 | D:11     | Found Guck's Weapon Boutique.
 10923 | D:12     | Noticed a two-headed ogre
 10930 | D:12     | Killed a two-headed ogre
 11259 | D:12     | Noticed a red ugly thing
 11370 | D:13     | Noticed a two-headed ogre
 11383 | D:13     | Killed a two-headed ogre
 11508 | D:13     | Noticed a white ugly thing
 11513 | D:13     | Noticed a white ugly thing
 11531 | D:12     | Killed a red ugly thing
 11596 | D:12     | You fall into a shaft and drop 2 floors!
 11623 | D:14     | Reached skill level 15 in Axes
 11735 | D:14     | Noticed a centaur warrior
 11908 | D:14     | Found a runed translucent door.
 11908 | D:14     | Noticed a merfolk avatar
 11909 | D:14     | Found a runed translucent door.
 11909 | D:14     | Noticed a merfolk impaler
 11941 | D:14     | Reached skill level 10 in Dodging
 11941 | D:14     | Reached XP level 12. HP: 106/110 MP: 11/11
 11947 | D:13     | Noticed a two-headed ogre
 11956 | D:13     | Killed a two-headed ogre
 11976 | D:13     | HP: 1/110 [fire crab (shapeshifter) (12)]
 11978 | D:13     | Mangled by a fire crab (shapeshifter)

Illustrated notes

Levels and vault maps discovered:
D:1:      dpeg_arrival_arbitrary_a, layout_basic, minmay_pentomino_z4
D:2:      layout_rooms, uniq_sigmund, uniq_natasha, uniq_crazy_yiuf_cottage
D:3:      layout_basic, chequers_serial_rivers_micro_a,
          roderic_cross_of_infinity, kennysheep_generic_room_12
D:4:      layout_cave_pools, minmay_temple_entry_slanted, grunt_decor_fettered,
          nicolae_shop_clearance, uniq_robin
D:5:      layout_basic, mainiacjoe_overflow_cross_hatched, st_stairs_12,
          uniq_prince_ribbit1
D:6:      layout_rooms, grunt_decor_clamped, centaur_isle
D:7:      layout_cave_pods, mainiacjoe_overflow_big_doors, serial_column_ruins,
          column_ruins_square_large, column_ruins_grid_1,
          column_ruins_corridor_plus, column_ruins_grid_1,
          column_ruins_corridor_straight
D:8:      layout_cave_pools, kennysheep_generic_room_15, uniq_psyche
D:9:      layout_loops_ring, mainiacjoe_overflow_small_starburst, zin_academy,
          mainiacjoe_overflow_concentric_impassable, zombieorc2_lemuel,
          minmay_misc_feat_alley
D:10:     layout_small_grid, nicolae_elyvilon_peaceful_grove,
          nemelex_diamond_rough_becter, lair_entry_dummy
D:11:     layout_irregular_city, serial_shops, nicolae_shop_crystal,
          nicolae_kite_square_tiling_tiny, minmay_misc_feat_cross, uniq_amaemon
D:12:     layout_basic
D:13:     layout_cave_pools, hellmonk_vaults_keyhole
D:14:     layout_irregular_city, nrook_uturn, mikee_hates_you

Skill      XL: |  1  2  3  4  5  6  7  8  9 10 11 12 |
---------------+-------------------------------------+-----
Axes           | 4 5 6 8 9 11 13 15 | 15.3
Fighting       | 4 5 6 7 8 9 11 | 11.3
Armour         | 3 4 5 6 8 9 10 11 | 11.1
Dodging        | 3 4 5 6 7 8 10 | 10.1

Action                     |  1- 3 |  4- 6 |  7- 9 | 10-12 || total
---------------------------+-------+-------+-------+-------++-------
  Melee: Hand axe          |    75 |    89 |   170 |       ||   334
         Headbutt          |     6 |     8 |    45 |    68 ||   127
         Punch             |       |     2 |     3 |     6 ||    11
         War axe           |       |       |    65 |   287 ||   352
 Invoke: Berserk           |     2 |     7 |    13 |    17 ||    39
         Trog's Hand       |       |     2 |     5 |    10 ||    17
  Evoke: Wand              |       |       |       |     6 ||     6
    Use: Potion            |       |     3 |     1 |     1 ||     5
   Stab: Distracted        |       |       |       |     1 ||     1
 Armour: Animal skin       |    24 |     5 |       |       ||    29
         Skin              |       |     2 |       |       ||     2
         Robe              |       |    13 |     2 |       ||    15
         Ring mail         |       |       |    32 |       ||    32
         Steam dragon scal |       |       |    23 |    31 ||    54
         Plate armour      |       |       |       |    37 ||    37
         Acid dragon scale |       |       |       |    15 ||    15
  Dodge: Dodged            |    63 |    44 |   168 |   228 ||   503

Table legend: (Time is in decaauts)
 A = Elapsed time spent in this place.
 B = Non-inter-level travel time spent in this place.
 C = Inter-level travel time spent in this place.
 D = Time resting spent in this place.
 E = Time spent auto-exploring this place.
 F = Levels seen in this place.
 G = Mean time per level.
                   A        B        C        D        E       F      G
               +--------+--------+--------+--------+--------+-----+--------+
         Total |  12248 |  11893 |    355 |    565 |   8674 |  14 |  874.9 |
       Dungeon |  12248 |  11893 |    355 |    565 |   8674 |  14 |  874.9 |
               +--------+--------+--------+--------+--------+-----+--------+

Top non-repeatable levels by time:
    D:11: 1430 daAuts
     D:3: 1222 daAuts
     D:9: 1130 daAuts
     D:5: 1098 daAuts
     D:1: 1098 daAuts
     D:7: 1031 daAuts
     D:8: 1010 daAuts
    D:10: 913 daAuts
     D:2: 847 daAuts
     D:6: 621 daAuts
    D:12: 620 daAuts
     D:4: 577 daAuts
    D:14: 353 daAuts
    D:13: 293 daAuts
